 Dungeon Crawl Stone Soup version 0.28-a0-245-g639a1a48b9 (webtiles) character file.

Game seed: 12996681164995207169

518 willcat the Covert (level 7, -2/41 HPs)
             Began as a Kobold Delver on Aug 24, 2021.
             Slain by a steam dragon (5 damage)
             ... on level 6 of the Dungeon.
             The game lasted 00:01:46 (1225 turns).

willcat the Covert (Kobold Delver)                  Turns: 1225, Time: 00:01:46

Health: -2/41      AC:  4    Str: 10    XL:     7   Next: 45%
Magic:  7/7        EV: 17    Int: 11    God:
Gold:   91         SH:  0    Dex: 18    Spells: 6/6 levels left

rFire   . . .      SeeInvis .   a - +0 short sword
rCold   . . .      Faith    .   (shield restricted)
rNeg    . . .      Spirit   .   b - +0 leather armour
rPois   .          Reflect  .   (no helmet)
rElec   .          Harm     .   (no cloak)
rCorr   .          Rampage  .   k - +0 pair of gloves
Will    .....                   (no boots)
Stlth   +++++.....              (no amulet)
HPRegen 0.13/turn               (no ring)
MPRegen 0.10/turn               (no ring)

@: hasted, very quick
A: small, no large weapons, nightstalker 3
a: no special abilities


You were on level 6 of the Dungeon.
You visited 1 branch of the dungeon, and saw 2 of its levels.

You collected 91 gold pieces.

Inventory:

Hand Weapons
 a - a +0 short sword (weapon)
Armour
 b - a +0 leather armour (worn)
 k - a +0 pair of gloves (worn)
Wands
 g - a wand of digging (10)
Scrolls
 c - a scroll of fog
 d - a scroll of magic mapping
 e - a scroll of teleportation {unknown}
 h - 4 scrolls of identify {unknown}
 j - a scroll of immolation {unknown}


   Skills:
 - Level 3.2 Fighting
 + Level 6.2 Short Blades
 + Level 5.6 Dodging
 + Level 9.0 Stealth


You had 6 spell levels left.
You didn't know any spells.
Your spell library was empty.

Dungeon Overview and Level Annotations

Branches:
Dungeon (6/15)
 Temple: D:4-7

Altars:
Zin


Innate Abilities, Weirdness & Mutations

You are small and have problems with some larger weapons.
You are completely attuned to the shadows.


Message History

The steam dragon misses you.
You closely miss the steam dragon.
Unknown command.
You hit the steam dragon.
The steam dragon is lightly wounded.
The steam dragon bites you!
* * * LOW HITPOINT WARNING * * *
The steam dragon misses you.
You hit the steam dragon.
The steam dragon is moderately wounded.
You hit the steam dragon.
The steam dragon is moderately wounded.
The steam dragon barely misses you. The steam dragon claws you.
* * * LOW HITPOINT WARNING * * *
You hit the steam dragon but do no damage.
The steam dragon is moderately wounded.
Unknown command.
You closely miss the steam dragon.
The steam dragon is moderately wounded.
The steam dragon breathes steam at you. The ball of steam misses you.
Unknown command.
Unknown command.
You hit the steam dragon but do no damage.
The steam dragon is moderately wounded.
You are engulfed in a cloud of scalding steam.
* * * LOW HITPOINT WARNING * * *
The steam dragon bites you.
* * * LOW HITPOINT WARNING * * *
The steam dragon closely misses you.
Unknown command.
You hit the steam dragon.
The steam dragon is heavily wounded.
Unknown command.
You hit the steam dragon.
The steam dragon is heavily wounded.
The steam dragon bites you.
* * * LOW HITPOINT WARNING * * *
The steam dragon claws you.
You die...

#.##### .. ..
..#...#.. ... #.#...#
. ......#######.....#
.
.....$............###
.......§.............
.....§§§§.......##...
#..@D§.§........#...
##..............####
#.§§§§§........# #
##############.. # ..
# # # # #


You could see a steam dragon (catching breath).

Vanquished Creatures
  A water moccasin (D:6)
  A black bear (D:6)
  An ice beast (D:6)
  An ogre (D:5)
  A bullfrog (D:6)
  A hound (D:6)
  A bullfrog skeleton (D:6)
  An iguana (D:6)
8 creatures vanquished.

Notes
Turn   | Place    | Note
-------+----------+-------------------------------------------
     0 | D:5      | willcat the Kobold Delver began the quest for the Orb.
     0 | D:5      | Reached XP level 1. HP: 14/14 MP: 1/1
    47 | D:5      | Noticed an ogre
    51 | D:5      | Killed an ogre
    52 | D:5      | Reached skill level 7 in Stealth
    52 | D:5      | Reached XP level 2. HP: 19/19 MP: 2/2
    52 | D:5      | Reached XP level 3. HP: 23/23 MP: 3/3
    52 | D:5      | Reached XP level 4. HP: 28/28 MP: 4/4
   609 | D:6      | Noticed a black bear
   617 | D:6      | Killed a black bear
   618 | D:6      | Reached XP level 5. HP: 18/32 MP: 5/5
   704 | D:6      | Reached skill level 5 in Short Blades
   704 | D:6      | Reached skill level 8 in Stealth
   704 | D:6      | Reached XP level 6. HP: 27/37 MP: 6/6
   793 | D:6      | Noticed an ice beast
   797 | D:6      | Killed an ice beast
   813 | D:6      | Reached skill level 5 in Dodging
   834 | D:6      | Found a glowing silver altar of Zin.
  1028 | D:6      | Reached XP level 7. HP: 27/41 MP: 7/7
  1205 | D:6      | Noticed a water moccasin
  1207 | D:6      | Noticed a steam dragon
  1209 | D:6      | Killed a water moccasin
  1210 | D:6      | Reached skill level 9 in Stealth
  1225 | D:6      | Slain by a steam dragon

Illustrated notes

Levels and vault maps discovered:
D:5:      layout_basic, temple_hall
D:6:      layout_basic, pdpol_wu_jian_five_deadly_venoms,
          nicolae_overflow_crystal_walls, uniq_eustachio,
          uniq_crazy_yiuf_cottage

Skill      XL: |  1  2  3  4  5  6  7 |
---------------+----------------------+-----
Short Blades   | 4 5 6 |  6.2
Dodging        | 3 4 5 |  5.6
Stealth        | 7 8 9 |  9.0
Fighting       | |  3.2

Action                   |  1- 3 |  4- 6 |  7- 9 || total
-------------------------+-------+-------+-------++-------
Melee: Short sword       |     1 |    44 |    12 ||    57
  Use: Scroll            |       |     1 |       ||     1
       Potion            |       |       |     2 ||     2
 Stab: Sleeping          |     1 |     3 |     1 ||     5
       Distracted        |       |     1 |       ||     1
Armor: Leather armour    |       |    11 |     2 ||    13
Dodge: Dodged            |       |    35 |     5 ||    40

Table legend: (Time is in decaauts)
 A = Elapsed time spent in this place.
 B = Non-inter-level travel time spent in this place.
 C = Inter-level travel time spent in this place.
 D = Time resting spent in this place.
 E = Time spent auto-exploring this place.
 F = Levels seen in this place.
 G = Mean time per level.
                   A        B        C        D        E       F      G
               +--------+--------+--------+--------+--------+-----+--------+
         Total |   1212 |   1212 |      0 |    564 |    473 |   2 |  606.0 |
       Dungeon |   1212 |   1212 |      0 |    564 |    473 |   2 |  606.0 |
               +--------+--------+--------+--------+--------+-----+--------+

Top non-repeatable levels by time:
     D:6: 775 daAuts
     D:5: 437 daAuts
